AoeStats
← nisserman

MegaRandom

507652027Analyzed
3v3 RM · 14d ago on Sep 19, 2026· 51m 28s· 6 players
Game mode
Random Map
Map size
Normal (6 player)
Population
200
Speed
Normal
Resources
Standard
Victory
Conquest
Starting age
Dark Age
Ending age
Imperial Age
RankedLock teamsTeams togetherTeam positionsShared explorationLock speedFull tech treeHidden civsTurbo modeCheats
Victory
Defeat
🇺🇸 Bohemians · United States
1129
+13
🇺🇸 Mongols · United States
1079
+15
🇹🇼 Jurchens · Taiwan
970
+20
🇺🇸 Ethiopians · United States
1072
-17
🇺🇸 Armenians · United States
1051
-16
🇺🇸 Spanish · United States
1032
-15
nisserman
5:06 Loom
15:25 Feudal Age
25:10 Castle Age
26:45 Medium Warships
26:08 Pikeman
36:53 Imperial Age
34:16 Double-Bit Axe
37:22 Padded Archer Armor
38:55 Leather Archer Armor
41:33 Bow Saw
46:42 Ring Archer Armor
46:28 Bloodlines
48:57 Wheelbarrow
Kicka
15:09 Feudal Age
16:28 Wheelbarrow
15:41 Double-Bit Axe
16:43 Gold Mining
17:05 Fishing Lines
19:07 Stone Mining
24:45 Castle Age
22:57 Horse Collar
23:10 Pikeman
26:11 Bow Saw
26:14 Gillnets
27:07 Medium Warships
36:19 Gold Shaft Mining
35:55 Fletching
37:24 Bodkin Arrow
40:50 Heavy Plow
41:09 Hand Cart
40:40 Loom
40:49 Loom
41:52 Ballistics
45:18 Imperial Age
45:34 Squires
44:55 Halberdier
45:39 Scale Mail Armor
46:28 Gambesons
47:20 Chain Mail Armor
47:16 Forging
walzy31
5:16 Loom
14:08 Feudal Age
15:37 Wheelbarrow
14:45 Horse Collar
14:54 Double-Bit Axe
22:49 Castle Age
22:23 Forging
22:34 Gold Mining
23:43 Scale Mail Armor
28:15 Arson
30:22 Iron Casting
33:26 Imperial Age
32:16 Bow Saw
32:39 Chain Mail Armor
32:36 Fletching
32:52 Squires
33:18 Stone Mining
36:05 Conscription
38:19 Gold Shaft Mining
43:36 Blast Furnace
43:07 Plate Mail Armor
45:30 Royal Heirs
dillon1556
4:06 Loom
15:00 Feudal Age
22:24 Castle Age
20:47 Double-Bit Axe
20:53 Horse Collar
24:31 Medium Warships
37:00 Caravan
45:36 Imperial Age
44:18 Scale Mail Armor
44:30 Forging
45:46 Fishing Lines
47:54 Chemistry
47:52 Chain Mail Armor
48:13 Iron Casting
47:06 Pikeman
47:55 Squires
47:41 Arson
48:06 Halberdier
一直嬉皮笑臉
5:52 Loom
14:39 Feudal Age
15:06 Double-Bit Axe
20:47 Castle Age
21:36 Gold Mining
21:28 Demolition Ship
23:48 Wheelbarrow
23:43 Fletching
24:41 Bow Saw
24:13 Horse Collar
30:30 Hand Cart
30:40 Padded Archer Armor
35:22 Bodkin Arrow
43:02 Imperial Age
40:57 Bloodlines
40:47 Husbandry
44:18 Ballistics
45:34 Conscription
44:49 Heavy Cavalry Archer
45:22 Light Cavalry
48:14 Two-Man Saw
47:16 Heavy Plow
47:18 Caravan
49:08 Chemistry
49:32 Elite Iron Pagoda
Force_of1
4:54 Loom
13:09 Feudal Age
14:29 Double-Bit Axe
19:16 Castle Age
24:41 Bloodlines
28:07 Fletching
29:42 Wheelbarrow
30:30 Thumb Ring
31:26 Padded Archer Armor
31:31 Scale Barding Armor
32:49 Bodkin Arrow
33:09 Leather Archer Armor
33:05 Forging
38:38 Imperial Age
37:55 Hand Cart
39:39 Husbandry
39:22 Elite Steppe Lancer
41:28 Chain Barding Armor
43:04 Iron Casting
45:33 Horse Collar
46:40 Conscription
48:05 Blast Furnace
Connection lost

Rejoining the realm…

Still unreachable

The connection could not be restored.

Session expired

The server has moved on; the page needs a fresh start.